 Dungeon Crawl Stone Soup version 0.30-a0-23-ge60ba3568b (webtiles) character file.

Game seed: 10709954283001417955

7 greasedhog the Ruffian (level 2, 0/17 HPs)
             Began as a Gargoyle Transmuter on Aug 24, 2022.
             Slain by a dart slug (1 damage)
             ... on level 1 of the Dungeon.
             The game lasted 00:00:42 (180 turns).

greasedhog the Ruffian (Gargoyle Transmuter)         Turns: 180, Time: 00:00:42

Health: 0/17       AC:  6    Str: 13    XL:     2   Next: 4%
Magic:  3/5        EV: 11    Int: 13    God:
Gold:   8          SH:  0    Dex: 10    Spells: 4/5 levels left

rFire   . . .      SeeInvis .      - Unarmed
rCold   . . .      Faith    .    (no shield)
rNeg    + . .      Spirit   .    e - +0 leather armour
rPois   ∞          Reflect  .    (helmet currently unavailable)
rElec   +          Harm     .    (no cloak)
rCorr   .          Rampage  .    d - +0 pair of gloves
Will    .....                    (boots currently unavailable)
Stlth   +.........               (no amulet)
HPRegen 0.05/turn                (no ring)
MPRegen 0.09/turn                (no ring)

@: appendages (expiring)
A: horns 2, talons 2, sickness immunity, AC +2, negative energy resistance 1,
electricity resistance, torment resistance 1, petrification resistance
a: End Transformation


You were on level 1 of the Dungeon.
You had temporarily grown beastly horns and talons.
You visited 1 branch of the dungeon, and saw 1 of its levels.

You collected 8 gold pieces.

Inventory:

Armour
 d - a +0 pair of gloves (worn)
 e - a +0 leather armour (worn)
Scrolls
 c - a scroll of identify {unknown}
Potions
 b - a potion of lignification


   Skills:
 * Level 1.7 Fighting
 - Level 1.5 Dodging
 - Level 3.0 Unarmed Combat
 - Level 2.0 Spellcasting
 * Level 1.9 Transmutations


You had 4 spell levels left.
You knew the following spells:

 Your Spells              Type           Power      Damage    Failure   Level
a - Beastly Appendage     Tmut           12%        N/A       14%         1

Your spell library contained the following spells:

 Spells                   Type           Power      Damage    Failure   Level
 Wereblood                Tmut           6%         N/A       22%         2
 Spider Form              Tmut/Pois      3%         N/A       54%         3
 Ice Form                 Ice/Tmut       3%         N/A       91%         4


Dungeon Overview and Level Annotations

Branches:
Dungeon (1/15)

Altars:


Innate Abilities, Weirdness & Mutations

You have temporarily grown beastly horns and talons.
You are immune to sickness and miasma.
Your stone body is resilient. (AC +2)
You are immune to poison.
You resist negative energy. (rN+)
You are resistant to electric shocks. (rElec)
You are resistant to unholy torment.
You are immune to petrification.


Message History

The slug dart hits you but does no damage.
The jackal barely misses you. The jackal attacks as you move away!
The jackal barely misses you. The goblin attacks as you move away!
The goblin hits you but does no damage.
Casting: Beastly Appendage (safe; 16% risk of failure)
Confirm with . or Enter, or press ? or * to list all spells.
You don't know that spell.
Casting: Beastly Appendage (safe; 16% risk of failure)
Confirm with . or Enter, or press ? or * to list all spells.
You extend your transformation's duration.
The jackal bites you but does no damage.
The jackal stops to sniff the ground.
The jackal completely misses you.
Unknown command.
You barely miss the jackal. Your kick misses the jackal.
The jackal is heavily wounded.
The jackal closely misses you.
You hit the jackal.
You kill the jackal!
The jackal closely misses you.
You barely miss the jackal. Your headbutt misses the jackal.
Your transformation is almost over.
The jackal barely misses you.
You hit the jackal but do no damage. The jackal closely misses you.
You hit the jackal but do no damage. You claw the jackal.
The jackal is moderately wounded.
The jackal bites you but does no damage. x2
You hit the jackal. You claw the jackal.
You kill the jackal!
You have reached level 2!
You closely miss the goblin. Your kick misses the goblin.
You barely miss the goblin. The goblin closely misses you.
You hit the dart slug but do no damage. The goblin misses you.
The dart slug launches a dart at you. The slug dart hits you.
* * * LOW HITPOINT WARNING * * *
You hit the dart slug.
The dart slug is heavily wounded.
The goblin barely misses you. The dart slug bites you.
You die...

##...#.####.#!...).....#
####[.....#.#.......?#
##..##.#.......#
##..#.....###.# ###
##.#.....###.##....
#.....#............
##..#..##..r....###.
#.....)##.#g##..#
#.......##....#@# ..#
#.##.##..##..#w.# ..#
##. ##.......## .#
#..##. #.##..[# .# ..#
#. ..##...# ### ..
###.... .. ##.. #..


You could see a dart slug, a goblin and a rat.

Vanquished Creatures
  A dart slug (D:1)
  A hobgoblin (D:1)
  2 jackals (D:1)
  A goblin (D:1)
5 creatures vanquished.

Notes
Turn   | Place    | Note
-------+----------+-------------------------------------------
     0 | D:1      | greasedhog the Gargoyle Transmuter began the quest for the
                  | Orb.
     0 | D:1      | Reached XP level 1. HP: 12/12 MP: 3/3
   177 | D:1      | Reached XP level 2. HP: 2/17 MP: 3/5
   180 | D:1      | Slain by a dart slug

Illustrated notes

Levels and vault maps discovered:
D:1:      nicolae_arrival_washed_ashore, layout_rooms

Action                   || total
-------------------------++-------
Melee: Unarmed           ||    20
       Kick              ||     6
       Headbutt          ||     2
 Cast: Beastly Appendage ||     4
Armor: Leather armour    ||    10
       Robe              ||     2
Dodge: Dodged            ||    20

Table legend: (Time is in decaauts)
 A = Elapsed time spent in this place.
 B = Non-inter-level travel time spent in this place.
 C = Inter-level travel time spent in this place.
 D = Time resting spent in this place.
 E = Time spent auto-exploring this place.
 F = Levels seen in this place.
 G = Mean time per level.
                   A        B        C        D        E       F      G
               +--------+--------+--------+--------+--------+-----+--------+
         Total |    178 |    178 |      0 |      0 |     98 |   1 |  178.0 |
       Dungeon |    178 |    178 |      0 |      0 |     98 |   1 |  178.0 |
               +--------+--------+--------+--------+--------+-----+--------+

Top non-repeatable levels by time:
     D:1: 178 daAuts
